 Dungeon Crawl Stone Soup version 0.20.1-1-g8b1a95d (webtiles) character file.

3178 McKennaii the Martial Artist (level 9, -2/58 (60) HPs)
             Began as an Octopode Transmuter on Aug 10, 2017.
             Was a Follower of Cheibriados.
             Slain by a hornet (5 damage)
             ... on level 8 of the Dungeon.
             The game lasted 00:15:12 (9647 turns).

McKennaii the Martial Artist (Octopode Transmuter)  Turns: 9647, Time: 00:15:13

HP:   -2/58 (60)    AC:  1    Str: 13    XL:     9   Next: 95%
MP:   11/13         EV: 15    Int: 20    God:    Cheibriados [*.....]
Gold: 442           SH:  0    Dex: 15    Spells: 3/14 levels left

rFire    + . .     SeeInvis .     - Unarmed
rCold    . . .     Gourm    .   (no shield)
rNeg     . . .     Faith    .   (helmet restricted)
rPois    .         Spirit   .   (no amulet)
rElec    .         Reflect  .   m - ring of stealth
rCorr    .         Harm     .   (no ring)
MR       .....     Clarity  +   (no ring)
Stlth    ++++++....             (no ring)
Regen    0.2/turn               (no ring)
MPRegen  0.2/turn               (no ring)
                                (no ring)
                                (no ring)

@: lethally poisoned (-2 -> -14), very slightly contaminated, slowed, very slow
A: almost no armour, stealthy swim, amphibious, 8 rings, constrict 8, camouflage
1, clarity, fire resistance 1, robust 1, strong 1, gelatinous body 1
a: Bend Time, Renounce Religion


You were on level 8 of the Dungeon.
You worshipped Cheibriados.
Cheibriados was aware of your devotion.
You were hungry.

You visited 2 branches of the dungeon, and saw 9 of its levels.

You collected 442 gold pieces.

Inventory:

Missiles
 a - 31 arrows
Jewellery
 m - a ring of stealth (left tentacle)
Wands
 y - a wand of confusion (20/48)
 B - a wand of polymorph (15/24)
Scrolls
 e - 4 scrolls of fog
 f - 3 scrolls of amnesia
 g - 2 scrolls of identify
 h - 2 scrolls of immolation {unknown}
 j - 6 scrolls of remove curse
 k - a scroll of enchant weapon {unknown}
 l - 2 scrolls of random uselessness {unknown}
 o - 2 scrolls of fear {unknown}
 u - 3 scrolls of enchant armour {unknown}
 v - a scroll of blinking {unknown}
 x - a scroll of recharging {unknown}
 z - a scroll of teleportation {unknown}
Potions
 d - a potion of flight
 n - a potion of ambrosia
 w - 2 potions of curing
Books
 b - a book of Changes

   Spells                             Type                      Level
   a - Beastly Appendage              Transmutation                1
   b - Sticks to Snakes               Transmutation                2
   c - Spider Form                    Transmutation/Poison         3
   d - Ice Form                       Ice/Transmutation            4
   e - Blade Hands                    Transmutation                5
 p - a book of Necromancy

   Spells                             Type                      Level
   a - Pain                           Necromancy                   1
   b - Animate Skeleton               Necromancy                   1
   c - Vampiric Draining              Necromancy                   3
   d - Regeneration                   Charms/Necromancy            3
   e - Animate Dead                   Necromancy                   4
   f - Control Undead                 Necromancy                   4
 q - Pitt's Volume of Darkness
   (You found it on level 6 of the Dungeon)

   Spells                             Type                      Level
   a - Corpse Rot                     Necromancy                   2
   b - Regeneration                   Charms/Necromancy            3
   c - Excruciating Wounds            Charms/Necromancy            5
 r - a book of Cantrips

   Spells                             Type                      Level
   a - Confusing Touch                Hexes                        1
   b - Animate Skeleton               Necromancy                   1
   c - Summon Small Mammal            Summoning                    1
   d - Apportation                    Translocation                1
 A - a book of Geomancy

   Spells                             Type                      Level
   a - Sandblast                      Earth                        1
   b - Passwall                       Transmutation/Earth          2
   c - Stone Arrow                    Conjuration/Earth            3
   d - Petrify                        Transmutation/Earth          4
   e - Lee's Rapid Deconstruction     Earth                        5
Comestibles
 c - 6 bread rations
 i - 3 royal jellies
 s - 9 fruits


   Skills:
 + Level 2.7 Fighting
 + Level 3.7 Dodging
 * Level 8.5 Stealth
 * Level 10.1 Unarmed Combat
 + Level 3.1 Spellcasting
 * Level 5.4 Transmutations
 + Level 1.9 Poison Magic


You had 3 spell levels left.
You knew the following spells:

 Your Spells              Type           Power        Failure   Level  Hunger
a - Beastly Appendage     Tmut           ###...       1%          1    None
b - Sticks to Snakes      Tmut           ###.....     2%          2    ##.....
c - Spider Form           Tmut/Pois      ###.......   10%         3    ###....
d - Blade Hands           Tmut           ###.......   38%         5    ######.


Dungeon Overview and Level Annotations

Branches:
Dungeon (8/15)             Temple (1/1) D:6
   Lair: D:8-11

Altars:
Ashenzari
Cheibriados
Dithmenos
Elyvilon
Fedhas
Gozag
Hepliaklqana
Kikubaaqudgha
Makhleb
Nemelex Xobeh
Okawaru
Qazlal
Ru
Sif Muna
Trog
Uskayaw
Vehumet
Xom
Yredelemnul
Zin
The Shining One

Annotations:
D:7 2 transporters


Innate Abilities, Weirdness & Mutations

You cannot wear most types of armour.
You are very stealthy in the water. (Stealth+)
You are amphibious.
You can wear up to eight rings at the same time.
You can use your tentacles to constrict eight enemies at once.
Your skin changes colour to match your surroundings (Stealth+).
Your rubbery body absorbs attacks. (AC +1, EV +1)
You possess an exceptional clarity of mind.
Your flesh is heat resistant. (rF+)
You are robust. (+10% HP)
Your muscles are strong. (Str +2)


Message History

You feel yourself slow down.
You feel sick. The worker ant bites you. The hornet stings you!
You feel as though you will be slow longer.
The hornet misses you. The worker ant bites you!
* * * LOW HITPOINT WARNING * * *
You see here a worm corpse.
Unknown command.
Okay, then.
Casting: Sticks to Snakes
Confirm with . or Enter, or press ? or * to list all spells.
You miscast Sticks to Snakes.
You are very lightly contaminated with residual magic.
Your skin glows momentarily.
You feel sick. The hornet stings you!
* * * LOW HITPOINT WARNING * * *
You are lethally poisoned!
You feel as though you will be slow longer.
The worker ant bites you.
* * * LOW HITPOINT WARNING * * *
The hornet stings you.
You die...

######### ##.......#
## ##
...##.##.#####$#y##
##.#...#.....##y#.#
.#...........#.#@##
.......#.)...##a#.#
..#...##.....#.#.##
....#........###.###
.#.....##..........#
...#....#..######+##
...........# ##.
....#...#..# ......
..#.##.##..# .......


You could see a hornet and a worker ant.

Vanquished Creatures
  Prince Ribbit (D:6)
  Grinder (D:6)
  Sigmund (D:5)
  3 water moccasins
  2 phantoms
  A black bear (D:7)
  4 necrophages (D:7)
  An ogre (D:8)
  A centaur (D:6)
  2 bullfrogs (D:6)
  2 scorpions
  2 howler monkeys
  5 crimson imps
  3 bullfrog zombies (D:7)
  A quasit (D:6)
  2 bullfrog skeletons
  3 hounds
  A jelly (D:7)
  An orc priest (D:3)
  An orc wizard (D:3)
  Jessica (D:3)
  An iguana (D:6)
  8 worker ants
  A worker ant zombie (D:7)
  A howler monkey skeleton (D:5)
  3 gnolls (D:3)
  10 adders
  3 adder zombies
  An ooze (D:4)
  An adder skeleton (D:4)
  4 worms
  2 dart slugs (D:2)
  4 leopard geckos
  18 orcs
  12 bats
  11 giant cockroaches
  18 goblins
  14 hobgoblins
  9 jackals
  10 kobolds
  4 quokkas
  2 ball pythons
  5 frilled lizards
  A leopard gecko zombie (D:6)
  A quokka zombie (D:6)
  9 rats
  A bush (D:7)
193 creatures vanquished.

Vanquished Creatures (collateral kills)
  The ghost of McKennaii the Insei, an amateur OpTm (D:4)
  A gnoll (D:3)
2 creatures vanquished.

Vanquished Creatures (others)
  5 plants (D:7)
5 creatures vanquished.

Grand Total: 200 creatures vanquished

Notes
Turn   | Place    | Note
-------+----------+-------------------------------------------
     0 | D:1      | McKennaii the Octopode Transmuter began the quest for the Orb.
     0 | D:1      | Reached XP level 1. HP: 13/13 MP: 3/3
    62 | D:1      | Reached XP level 2. HP: 13/18 MP: 5/5
   212 | D:1      | Found a sparkling altar of Nemelex Xobeh.
   377 | D:1      | Reached skill level 1 in Stealth
   503 | D:1      | Reached XP level 3. HP: 23/23 MP: 6/6
  1451 | D:2      | Reached skill level 4 in Unarmed Combat
  1458 | D:2      | Reached XP level 4. HP: 20/28 MP: 7/7
  1469 | D:2      | Learned a level 2 spell: Sticks to Snakes
  1473 | D:2      | Learned a level 3 spell: Spider Form
  2419 | D:3      | Reached XP level 5. HP: 33/33 MP: 8/8
  2491 | D:3      | Noticed Jessica
  2494 | D:3      | Killed Jessica
  2803 | D:3      | Reached skill level 5 in Unarmed Combat
  3274 | D:3      | Reached XP level 6. HP: 35/38 MP: 9/9
  3619 | D:3      | Found a shadowy altar of Dithmenos.
  4144 | D:4      | Found a radiant altar of Vehumet.
  4144 | D:4      | Found a glowing silver altar of Zin.
  4145 | D:4      | Found a deep blue altar of Sif Muna.
  4216 | D:4      | Noticed McKennaii's ghost (amateur OpTm)
  4225 | D:4      | Killed McKennaii's ghost
  4225 | D:4      | Reached skill level 6 in Unarmed Combat
  4225 | D:4      | Reached XP level 7. HP: 43/43 MP: 2/10
  4483 | D:4      | Gained mutation: Your flesh is cold resistant. (rC+) [potion of mutation]
  4483 | D:4      | Gained mutation: You are somewhat resistant to further mutation. [potion of mutation]
  4483 | D:4      | Gained mutation: You do not regenerate when monsters are visible. [potion of mutation]
  4601 | D:4      | Lost mutation: You do not regenerate when monsters are visible. [potion of mutation]
  4601 | D:4      | Lost mutation: You are somewhat resistant to further mutation. [potion of mutation]
  4601 | D:4      | Lost mutation: Your flesh is cold resistant. (rC+) [potion of mutation]
  4601 | D:4      | Gained mutation: Your muscles are strong. (Str +2) [potion of mutation]
  4601 | D:4      | Gained mutation: Your flesh is heat resistant. (rF+) [potion of mutation]
  4601 | D:4      | Gained mutation: You are robust. (+10% HP) [potion of mutation]
  4601 | D:4      | Gained mutation: You possess an exceptional clarity of mind. [potion of mutation]
  5053 | D:5      | Entered Level 5 of the Dungeon
  5298 | D:5      | Reached skill level 5 in Stealth
  5552 | D:5      | Reached XP level 8. HP: 24/55 MP: 11/11
  5873 | D:5      | Noticed Sigmund
  5888 | D:5      | Killed Sigmund
  5888 | D:5      | Reached skill level 7 in Unarmed Combat
  6636 | D:6      | Noticed Grinder
  6800 | D:6      | Killed Grinder
  6800 | D:6      | Reached skill level 8 in Unarmed Combat
  6919 | D:6      | Reached skill level 1 in Poison Magic
  7047 | D:6      | Identified Pitt's Volume of Darkness
  7083 | D:6      | Reached XP level 9. HP: 49/59 MP: 13/13
  7104 | D:6      | Noticed Prince Ribbit
  7111 | D:6      | Killed Prince Ribbit
  7111 | D:6      | Reached skill level 9 in Unarmed Combat
  7313 | D:6      | Reached skill level 5 in Transmutations
  7611 | D:6      | Found a staircase to the Ecumenical Temple.
  7840 | Temple   | Entered the Ecumenical Temple
  7846 | Temple   | Became a worshipper of Cheibriados the Contemplative
  8070 | D:7      | Found a transporter.
  8112 | D:7      | Found a transporter.
  8401 | D:7      | Found a bloodstained altar of Trog.
  8460 | D:7      | Learned a level 5 spell: Blade Hands
  8575 | D:7      | Found a blossoming altar of Fedhas.
  9239 | D:8      | Reached skill level 10 in Unarmed Combat
  9425 | D:8      | Reached * piety under Cheibriados
  9639 | D:8      | Noticed a hornet
  9644 | D:8      | Noticed a hornet
  9647 | D:8      | Slain by a hornet

Skill      XL: |  1  2  3  4  5  6  7  8  9 |
---------------+----------------------------+-----
Stealth        | 1 2 3 4 5 6 8 |  8.5
Unarmed Combat | 4 5 6 8 10 | 10.1
Transmutations | 3 4 5 |  5.4
Fighting       | 2 |  2.7
Dodging        | 3 |  3.7
Poison Magic   | 1 |  1.9
Spellcasting   | 3 |  3.1

Action                   |  1- 3 |  4- 6 |  7- 9 || total
-------------------------+-------+-------+-------++-------
Melee: Unarmed           |   104 |   165 |   400 ||   669
       Constrict         |    26 |    33 |    54 ||   113
       Tentacles         |    12 |    25 |    66 ||   103
       Punch             |     3 |     6 |    13 ||    22
 Cast: Sticks to Snakes  |       |     4 |    15 ||    19
       Spider Form       |       |     1 |     9 ||    10
  Use: Potion            |       |       |     7 ||     7
       Scroll            |       |       |     6 ||     6
 Stab: Sleeping          |     7 |    16 |    19 ||    42
       Distracted        |       |     1 |     1 ||     2
  Eat: Chunk             |     1 |     8 |    10 ||    19
       Meat ration       |       |       |     2 ||     2
       Fruit             |       |       |     1 ||     1
Armor: Skin              |    13 |    10 |    14 ||    37
Dodge: Dodged            |    80 |    90 |   221 ||   391
